 Dungeon Crawl Stone Soup version 0.21-a0-442-g848f44b (webtiles) character file.

1171 theanonym the Changer (level 8, -5/54 HPs)
             Began as a Merfolk Transmuter on Nov 16, 2017.
             Slain by Gastronok (24 damage)
             ... on level 8 of the Dungeon.
             The game lasted 00:18:42 (6638 turns).

theanonym the Changer (Merfolk Transmuter)          Turns: 6638, Time: 00:18:43

Health: -5/54      AC:  2    Str: 10    XL:     8   Next: 41%
Magic:  15/15      EV: 26    Int: 14    God:
Gold:   216        SH:  0    Dex: 25    Spells: 4/16 levels left

rFire    . . .     SeeInvis .     - Unarmed
rCold    . . .     Gourm    .   (shield currently unavailable)
rNeg     . . .     Faith    .   (armour currently unavailable)
rPois    .         Spirit   .   (helmet currently unavailable)
rElec    .         Reflect  .   (cloak currently unavailable)
rCorr    .         Harm     .   (gloves currently unavailable)
MR       .....                  (boots currently unavailable)
Stlth    +++.......             o - amulet of magic regeneration
HPRegen  0.18/turn              n - ring of poison resistance {rPois}
MPRegen  0.39/turn              B - ring of wizardry {Wiz+}

@: agile, spider-form (expiring)
A: (change form in water), (swift swim), (stealthy swim)
a: End Transformation


   Skills:
 - Level 1.1 Fighting
 - Level 2.6 Dodging
 + Level 6.2 Unarmed Combat
 + Level 4.7 Spellcasting
 + Level 7.2 Transmutations
 * Level 2.4 Ice Magic
 - Level 4.0 Poison Magic


You had 4 spell levels left.
You knew the following spells:

 Your Spells              Type           Power        Failure   Level  Hunger
b - Blade Hands           Tmut           ###.......   21%         5    ######.
i - Ice Form              Ice/Tmut       ###.....     21%         4    ####...
s - Spider Form           Tmut/Pois      ###.......   6%          3    ###....

Skill      XL: |  1  2  3  4  5  6  7  8 |
---------------+-------------------------+-----
Transmutations | 3 4 5 6 7 |  7.2
Unarmed Combat | 4 5 6 |  6.2
Poison Magic   | 1 2 3 4 |  4.0
Spellcasting   | 3 4 |  4.7
Ice Magic      | 2 |  2.4
Fighting       | |  1.1
Dodging        | |  2.6

Action                   |  1- 3 |  4- 6 |  7- 9 || total
-------------------------+-------+-------+-------++-------
Melee: Unarmed           |    81 |   173 |   181 ||   435
       Headbutt          |     4 |     6 |       ||    10
       Punch             |     1 |     3 |       ||     4
       Tailslap          |       |     2 |       ||     2
 Cast: Beastly Appendage |     5 |     4 |       ||     9
       Spider Form       |     1 |     8 |    18 ||    27
  Use: Scroll            |       |     5 |    10 ||    15
       Potion            |       |     2 |     8 ||    10
 Stab: Sleeping          |       |     2 |       ||     2
  Eat: Chunk             |     4 |     7 |    19 ||    30
       Fruit             |       |     1 |       ||     1
Armor: Robe              |    16 |    20 |    11 ||    47
       Skin              |       |     1 |     7 ||     8
Dodge: Dodged            |    53 |   167 |   188 ||   408

Inventory:

Hand Weapons
 b - a +1 blowgun
   (You took it off a kobold in a sewer)
 v - a +0 blowgun
   (You took it off a kobold on level 3 of the Dungeon)
Missiles
 a - 61 arrows
 f - 5 curare-tipped needles
Armour
 i - a +0 pair of gloves (melded)
   (You found it on level 1 of the Dungeon)
 s - a +0 robe (melded)
Jewellery
 n - a ring of poison resistance (left front leg) {rPois}
   (You found it on level 3 of the Dungeon)
 o - an amulet of magic regeneration (around neck)
   (You found it on level 4 of the Dungeon)
 B - a ring of wizardry (right front leg) {Wiz+}
   (You found it on level 4 of the Dungeon)
Scrolls
 e - a scroll of recharging
 F - 3 scrolls of remove curse {unknown}
Potions
 g - a potion of lignification
 j - 4 potions of curing
 p - 2 potions of flight
 E - a potion of degeneration {unknown}
Books
 c - a book of Changes

   Spells                             Type                      Level
   a - Beastly Appendage              Transmutation                1
   b - Sticks to Snakes               Transmutation                2
   c - Spider Form                    Transmutation/Poison         3
   d - Ice Form                       Ice/Transmutation            4
   e - Blade Hands                    Transmutation                5
Comestibles
 d - 7 bread rations
 h - 3 royal jellies
 u - a meat ration
 z - 2 fruits

Dungeon Overview and Level Annotations

Branches:
Dungeon (5/15)
 Temple: D:4-7

Altars:
Dithmenos
Kikubaaqudgha
Makhleb
Qazlal
Ru
Xom
Yredelemnul
Zin

Shops:
D:8 %

Annotations:
D:3 2 transporters, Menkaure
D:4 exclusion: 2 gnolls
D:8 Gastronok, Joseph


You were on level 8 of the Dungeon.
You were full.
You were a venomous arachnid creature.
You visited 1 branch of the dungeon, and saw 6 of its levels.
You also visited: Sewer.

You collected 216 gold pieces.


Message History

There is an open door here.
You close the door.
As you read the scroll labeled USEENI MENI, it crumbles to dust.
It is a scroll of amnesia.
Forget which spell ([?*] list [ESC] exit)?
Your memory of Beastly Appendage unravels.
An ogre opens the door.
As you read the scroll labeled FOMAVA NUINAGE, it crumbles to dust.
It is a scroll of enchant weapon.
Your uncursed blowgun glows red for a moment.
As you read the scroll labeled KIBEIZ ROPNEX, it crumbles to dust.
The scroll dissolves into smoke.
It was a scroll of fog.
As you read the scroll labeled XEEDGH KU TER, it crumbles to dust.
The air around you briefly surges with heat, but it dissipates.
It was a scroll of immolation.
Okay, then.
You turn into a venomous arachnid creature.
Your +0 pair of gloves melds into your body.
Your +0 robe melds into your body.
You now have 11/14 mp.
You bite the ogre!
The ogre looks as sick as possible!
The ogre closely misses you.
You barely miss the ogre. The ogre closely misses you.
You hit the ogre. You bite the ogre!
You kill the ogre!
Okay, then.
Unknown command.
Unknown command.
You see here a giant club.
Gastronok chants a spell, wobbling all the while.
Gastronok puts on a burst of speed!
You see here a giant club.
MP restored: 15 Gastronok mumbles some strange words.
You hit Gastronok but do no damage.
Gastronok is poisoned.
You hit Gastronok.
Gastronok looks as sick as possible!
Gastronok misses you.
You bite Gastronok!
Gastronok looks as sick as possible!
You hit Gastronok but do no damage.
Gastronok looks as sick as possible!
Gastronok mumbles some strange words.
You hit Gastronok.
Here: Gastronok, wearing a runed hat (lightly wounded, poisoned, covering ground quickly)
The floor.
Unknown command.
You bite Gastronok! Gastronok misses you.
You hit Gastronok.
Gastronok looks as sick as possible!
The quokka bites you.
You take 2 damage, and have 52/54 hp.
You hit Gastronok.
Gastronok looks as sick as possible!
The quokka barely misses you. Gastronok bites you!!!
Ouch! That really hurt!
* * * LOW HITPOINT WARNING * * *
You take 36 damage, and have 16/54 hp.
MASSIVE DAMAGE!!
You see here a giant club.
It was a potion of curing.
You feel better. The quokka misses you.
You regained 6 hp, and now have 22/54 hp.
Okay, then.
It was a potion of magic.
Magic courses through your body. The quokka closely misses you.
It was a potion of ambrosia.
You are confused.
You feel invigorated. The quokka misses you.
You regained 3 hp, and now have 25/54 hp.
You feel much better. The quokka misses you.
Gastronok waves his eye-stalks in wide circles.
The air twists around and strikes you! The quokka completely misses you.
You regained 5 hp, and now have 30/54 hp.
It was a potion of agility.
You feel agile all of a sudden.
You feel less invigorated.
You feel less confused. The quokka bites you.
You regained 3 hp, and now have 33/54 hp.
You hit the quokka.
The quokka is poisoned.
The quokka completely misses you.
You hit the quokka.
You kill the quokka!
The quokka's corpse disappears in a puff of smoke!
The bat completely misses you.
You hit the bat.
You kill the bat!
The bat's corpse disappears in a puff of smoke!
Your transformation is almost over.
The quokka completely misses you.
You hit the quokka but do no damage.
The quokka is poisoned.
The quokka misses you.
You hit the quokka.
You kill the quokka!
The quokka's corpse disappears in a puff of smoke!
You hit Gastronok.
Gastronok looks as sick as possible!
You bite Gastronok!
Gastronok looks as sick as possible!
Gastronok waves his eye-stalks in wide circles.
The air twists around and strikes you!
* * * LOW HITPOINT WARNING * * *
You take 21 damage, and have 13/54 hp.
MASSIVE DAMAGE!!
You completely miss Gastronok.
You feel much better. Gastronok bites you!!
* * * LOW HITPOINT WARNING * * *
You regained 5 hp, and now have 19/54 hp.
You hit Gastronok.
Gastronok looks as sick as possible!
You hit Gastronok.
Gastronok looks as sick as possible!
Gastronok bites you!!
You die...

##########.#.......
........##'#.######
.######......######
#.#..#.....>.)))).
#...........######
#.#....##+#.# # #
#.....# #.# #
###.###...###.#.# #
#....sw.......#.# #
########.######.. #
#.# #.. #r# #.##
#..# ##'## #8.8#
#...#


You could see Gastronok.

Notes
Turn   | Place    | Note
-------+----------+-------------------------------------------
     0 | D:1      | theanonym the Merfolk Transmuter began the quest for the Orb.
     0 | D:1      | Reached XP level 1. HP: 15/15 MP: 3/3
    92 | D:1      | HP: 6/15 [hobgoblin/club (8)]
   367 | D:1      | HP: 5/15 [hobgoblin (4)]
   590 | D:1      | Reached skill level 3 in Transmutations
   641 | D:1      | Reached XP level 2. HP: 21/21 MP: 5/5
  1247 | D:2      | HP: 10/21 [worm (11)]
  1866 | D:3      | theanonym: !lg * win class=tm s=str,int
  1866 | D:3      | beem: 1944 games for * (win class=tm): 88x 17 (8x 17, 8x 22, 7x 21, 6x 28, 6x 25, 5x 24, 5x 20, 5x 18, 5x 27, 4x 19, 3x 16, 3x 15, 3x 23, 3x 29, 2x 26, 2x 50, 14, 13, 12, 10, 9, 31, 33, 34, 35, 38, 47, 49, 7), 76x 32 (5x 32, 5x 35, 5x 30, 5x 17, 4x 42, 3x 20, 3x 18, 3x 34, 3x 39, 3x 22, 3x 36, 2x 40, 2x 21, 2x 27, 2x 28, 2x 15, 2x 31, 2x 37, 2x 33, 2x 45, 2x 50, 2x 24, 9, 26, 23, 41, 14, 44, 12, 46, 1...
  1866 | D:3      | theanonym: !lg * win class=tm s=str
  1866 | D:3      | beem: 1944 games for * (win class=tm): 88x 17, 76x 32, 74x 18, 72x 13, 69x 14, 66x 16, 66x 28, 63x 27, 61x 20, 61x 26, 61x 15, 59x 12, 59x 24, 58x 31, 58x 29, 57x 21, 56x 30, 56x 19, 52x 22, 50x 25, 50x 23, 47x 33, 45x 10, 45x 34, 42x 11, 42x 36, 36x 35, 33x 37, 29x 9, 27x 39, 26x 8, 23x 42, 23x 38, 21x 41, 21x 40, 21x 44, 19x 43, 18x 6, 17x 7, 15x 45, 14x 48, 11x 47, 10x 46, 8x 4, 7x 52, 7x 50, 4x 49...
  1866 | D:3      | theanonym: !lg * win class=tm s=int
  1866 | D:3      | beem: 1944 games for * (win class=tm): 103x 21, 90x 22, 88x 19, 87x 24, 86x 23, 86x 17, 79x 18, 79x 20, 71x 25, 64x 33, 60x 26, 59x 15, 58x 28, 58x 34, 56x 16, 53x 27, 49x 29, 49x 35, 48x 14, 45x 38, 44x 30, 43x 32, 40x 31, 37x 13, 36x 36, 35x 37, 34x 42, 27x 12, 26x 39, 26x 40, 25x 41, 20x 43, 19x 11, 18x 44, 17x 46, 16x 45, 14x 47, 14x 9, 12x 50, 11x 7, 11x 10, 9x 48, 7x 51, 5x 52, 5x 8, 5x 49, 2x 5...
  1866 | D:3      | theanonym: !lg * win mftm s=int
  1866 | D:3      | beem: 179 games for * (win mftm): 12x 21, 12x 33, 11x 18, 10x 24, 10x 20, 9x 19, 8x 34, 8x 38, 7x 23, 7x 25, 7x 16, 7x 22, 6x 14, 5x 17, 4x 26, 4x 28, 4x 29, 4x 35, 3x 32, 3x 46, 3x 41, 3x 30, 3x 37, 3x 15, 3x 27, 2x 12, 2x 11, 2x 10, 2x 44, 2x 42, 2x 47, 2x 36, 2x 13, 2x 31, 50, 40, 39, 9, 7
  1866 | D:3      | theanonym: !lg * win mftm s=stats
  1866 | D:3      | beem: Unknown field: stats
  1866 | D:3      | theanonym: !lg * win mftm s=stat
  1866 | D:3      | beem: 179 games for * (win mftm): 53x, 15x repel missiles, 7x deflect missiles, 5x dragon-form,flying, 4x statue-form, 3x very slightly contaminated, 3x statue-form,deflect missiles, 3x very slightly contaminated,repel missiles, 2x lich-form, 2x very slightly contaminated,hasted, statue-form,hasted,glowing,studying Conjurations,deflect missiles, blade hands (expiring),repel missiles, blade hands (expi...
  1866 | D:3      | theanonym: !lg * win mftm s=mstat
  1866 | D:3      | beem: Unknown field: mstat
  1866 | D:3      | theanonym: !lg * win mftm s=mstats
  1866 | D:3      | beem: Unknown field: mstats
  1866 | D:3      | theanonym: !lg * win mftm s=str
  1866 | D:3      | beem: 179 games for * (win mftm): 17x 12, 8x 18, 8x 11, 8x 21, 7x 28, 7x 10, 7x 17, 7x 24, 6x 14, 6x 36, 6x 13, 6x 30, 6x 29, 6x 27, 6x 22, 6x 16, 6x 32, 5x 34, 5x 31, 5x 20, 5x 19, 4x 35, 4x 37, 4x 33, 4x 26, 3x 15, 3x 40, 3x 23, 2x 25, 2x 38, 45, 44, 43, 41, 7, 6, 4
  1866 | D:3      | Reached XP level 3. HP: 26/26 MP: 6/6
  1882 | D:3      | HP: 12/26 [adder (3)]
  1888 | D:3      | HP: 11/26 [poisoned by an adder]
  1896 | D:3      | HP: 10/26 [poisoned by an adder]
  2128 | D:3      | Learned a level 3 spell: Spider Form
  2221 | D:3      | Reached skill level 4 in Unarmed Combat
  2221 | D:3      | Reached XP level 4. HP: 30/32 MP: 0/8
  2384 | D:3      | Reached skill level 1 in Poison Magic
  2432 | D:3      | Found a burning altar of Makhleb.
  2432 | D:3      | Found a shadowy altar of Dithmenos.
  2594 | D:3      | Found a transporter.
  2598 | D:3      | Found an ancient bone altar of Kikubaaqudgha.
  2616 | D:3      | Learned a level 4 spell: Ice Form
  2647 | D:3      | Noticed Menkaure
  2651 | D:3      | Noticed a necrophage
  2653 | D:3      | Found a basalt altar of Yredelemnul.
  2669 | D:3      | Noticed a hungry ghost
  2671 | D:3      | Found a transporter.
  2842 | D:4      | Reached skill level 4 in Transmutations
  2889 | D:4      | Reached XP level 5. HP: 31/37 MP: 9/9
  2958 | D:4      | HP: 18/37 [worker ant (3)]
  2969 | D:4      | Reached skill level 3 in Spellcasting
  2973 | D:4      | HP: 18/37 [poisoned by a worker ant]
  2978 | D:4      | HP: 17/37 [poisoned by a worker ant]
  2985 | D:4      | HP: 16/37 [poisoned by a worker ant]
  2993 | D:4      | HP: 15/37 [poisoned by a worker ant]
  3193 | D:4      | Found a glowing drain.
  3197 | D:4      | HP: 14/37 [leopard gecko (5)]
  3207 | Sewer    | Entered a sewer
  3486 | Sewer    | Noticed a big kobold
  3547 | Sewer    | Reached skill level 2 in Poison Magic
  3649 | Sewer    | Killed a big kobold
  3649 | Sewer    | Reached XP level 6. HP: 32/43 MP: 9/11
  3828 | Sewer    | Found a glowing silver altar of Zin.
  3992 | D:4      | Reached skill level 5 in Unarmed Combat
  3992 | D:4      | Reached skill level 5 in Transmutations
  4010 | D:4      | Found a stormy altar of Qazlal.
  4037 | D:4      | Reached skill level 3 in Poison Magic
  4106 | D:4      | Reached XP level 7. HP: 48/48 MP: 5/12
  4246 | D:4      | HP: 24/48 [orc priest/divine providence (10)]
  4252 | D:3      | Reached skill level 4 in Spellcasting
  4612 | D:4      | Reached skill level 6 in Transmutations
  4783 | D:4      | HP: 23/48 [gnoll sergeant/spear (5)]
  4791 | D:4      | HP: 21/48 [gnoll sergeant/spear (3)]
  4797 | D:4      | HP: 17/48 [gnoll sergeant/spear (5)]
  4807 | D:4      | HP: 8/48 [gnoll sergeant/spear (11)]
  4815 | D:4      | HP: 5/48 [gnoll sergeant/spear (4)]
  5121 | D:4      | HP: 23/48 [gnoll sergeant/spear (13)]
  5324 | D:5      | Entered Level 5 of the Dungeon
  5339 | D:5      | HP: 23/48 [orc/hand axe (4)]
  5713 | D:5      | Reached skill level 4 in Poison Magic
  5910 | D:5      | Reached XP level 8. HP: 31/54 MP: 10/14
  6228 | D:5      | Learned a level 5 spell: Blade Hands
  6260 | D:5      | You fall through a shaft for 3 floors!
  6267 | D:8      | Reached skill level 6 in Unarmed Combat
  6267 | D:8      | Reached skill level 7 in Transmutations
  6267 | D:8      | Reached skill level 1 in Ice Magic
  6286 | D:8      | Found Qenn's Food Boutique.
  6295 | D:8      | Noticed Joseph
  6316 | D:8      | HP: 19/54 [Joseph/sling bullet (15)]
  6453 | D:8      | Found a sacrificial altar of Ru.
  6468 | D:8      | Reached skill level 2 in Ice Magic
  6584 | D:8      | Found a glowing silver altar of Zin.
  6584 | D:8      | Found a shimmering altar of Xom.
  6584 | D:8      | Noticed Gastronok
  6620 | D:8      | HP: 16/54 [Gastronok (36)]
  6634 | D:8      | HP: 13/54 [Gastronok/the air (21)]
  6638 | D:8      | Slain by Gastronok

Vanquished Creatures
  An orc warrior (D:3)
  3 ogres
  A centaur (D:8)
  A big kobold (Sewer)
  A bullfrog (D:8)
  A scorpion (D:4)
  A howler monkey (D:4)
  A jelly (D:8)
  2 orc priests (D:4)
  A hound (D:4)
  2 gnoll shamans
  2 centaur skeletons
  A worker ant (D:4)
  2 orc wizards
  A hound skeleton (D:8)
  2 adders
  4 gnolls (D:4)
  2 river rats (Sewer)
  An ooze (D:4)
  2 adder skeletons
  A worm (D:2)
  A dart slug (D:3)
  5 leopard geckos (D:4)
  14 orcs
  2 ball pythons
  4 giant cockroaches
  3 goblins
  5 hobgoblins
  16 jackals
  3 quokkas
  10 bats
  3 frilled lizards
  A jackal skeleton (D:4)
  9 kobolds
  10 rats
119 creatures vanquished.
